AoeStats
← felizdia1444

Fortress

508368388Analyzed
3v3 RM · 10d ago on Sep 22, 2026· 81m 14s· 6 players
Game mode
Random Map
Map size
Large (8 player)
Population
200
Speed
Normal
Resources
Standard
Victory
Conquest
Starting age
Dark Age
Ending age
Imperial Age
RankedLock teamsTeams togetherTeam positionsShared explorationLock speedFull tech treeHidden civsTurbo modeCheats
Victory
Defeat
🇵🇷 Dravidians · Puerto Rico
641
+13
🇫🇷 Poles · France
559
+17
🇺🇸 Aztecs · United States
497
+20
🇨🇱 Romans · Chile
604
-18
🇨🇱 Poles · Chile
587
-17
🇨🇱 Huns · Chile
541
-18
Cuauhocelotl831
0:57 Loom
14:52 Feudal Age
17:12 Gold Mining
17:16 Stone Mining
17:17 Double-Bit Axe
17:17 Horse Collar
19:50 Castle Age
18:29 Wheelbarrow
19:55 Castle Age
22:21 Bow Saw
23:59 Fletching
25:30 Bodkin Arrow
25:47 Forging
25:37 Scale Mail Armor
30:01 Imperial Age
27:48 Hand Cart
27:18 Town Watch
28:44 Stone Shaft Mining
29:57 Town Patrol
33:26 Iron Casting
33:06 Chain Mail Armor
37:05 Onager
41:20 Gold Shaft Mining
49:47 Garland Wars
49:48 Conscription
50:58 Squires
50:27 Pikeman
51:37 Siege Onager
52:24 Capped Ram
55:07 Blast Furnace
54:37 Plate Mail Armor
54:08 Bracer
56:24 Caravan
60:06 Eagle Warrior
61:21 Elite Eagle Warrior
76:50 Spies/Treason
danielrojaslaw
0:28 Loom
8:23 Feudal Age
10:04 Wheelbarrow
9:13 Horse Collar
9:20 Double-Bit Axe
9:27 Gold Mining
9:57 Man-at-Arms
16:50 Castle Age
16:25 Forging
16:17 Scale Mail Armor
16:20 Stone Mining
18:22 Long Swordsman
18:22 Pikeman
18:47 Gambesons
19:04 Squires
18:49 Arson
19:11 Heavy Plow
30:54 Imperial Age
28:40 Hand Cart
30:11 Husbandry
30:49 Iron Casting
30:47 Bow Saw
31:00 Medical Corps
31:15 Chain Mail Armor
31:49 Two-Handed Swordsman
35:44 Blast Furnace
35:14 Plate Mail Armor
34:50 Scale Barding Armor
34:36 Fletching
34:46 Padded Archer Armor
35:51 Two-Man Saw
34:25 Champion
34:26 Halberdier
36:59 Caravan
37:08 Elite Urumi Swordsman
38:42 Conscription
38:12 Siege Elephant
39:46 Wootz Steel
42:20 Chemistry
41:41 Ballistics
41:11 Heated Shot
48:10 Elite Skirmisher
52:10 Chain Barding Armor
51:46 Bodkin Arrow
52:07 Leather Archer Armor
56:17 Bombard Tower
58:17 Crossbowman
59:03 Thumb Ring
58:19 Elite Elephant Archer
59:01 Bracer
59:31 Ring Archer Armor
63:50 Hoardings
62:41 Onager
62:41 Heavy Scorpion
69:34 Spies/Treason
80:41 Coinage
80:21 Guilds
armand.clement.1234
1:43 Loom
10:56 Feudal Age
14:55 Double-Bit Axe
14:55 Horse Collar
19:41 Gold Mining
20:35 Scale Barding Armor
20:47 Forging
23:22 Castle Age
22:06 Bloodlines
22:09 Stone Mining
23:07 Fletching
25:39 Stone Shaft Mining
25:22 Husbandry
25:47 Chain Barding Armor
26:04 Iron Casting
26:23 Bow Saw
26:18 Heavy Plow
26:56 Wheelbarrow
26:21 Light Cavalry
27:51 Bodkin Arrow
30:27 Fortified Wall
30:28 Masonry
30:00 Treadmill Crane
34:54 Imperial Age
34:54 Hand Cart
36:40 Lechitic Legacy
36:58 Hoardings
38:19 Blast Furnace
38:16 Crop Rotation
40:16 Winged Hussar
41:26 Conscription
40:39 Sappers
42:33 Elite Obuch
43:30 Bracer
44:31 Cavalier
46:10 Szlachta Privileges
48:37 Murder Holes
49:04 Ballistics
49:45 Chemistry
53:44 Caravan
79:59 Spies/Treason
felizdia1444
0:58 Loom
8:39 Feudal Age
9:46 Town Watch
12:31 Wheelbarrow
16:35 Man-at-Arms
17:02 Arson
17:11 Fletching
17:22 Padded Archer Armor
17:23 Scale Mail Armor
17:28 Scale Barding Armor
17:34 Forging
21:47 Castle Age
23:22 Hand Cart
23:19 Town Patrol
26:06 Elite Skirmisher
26:54 Thumb Ring
27:59 Crossbowman
29:08 Leather Archer Armor
49:18 Imperial Age
51:09 Cavalier
51:51 Husbandry
khamilo_z
0:53 Loom
13:20 Feudal Age
16:04 Man-at-Arms
20:32 Castle Age
19:29 Double-Bit Axe
19:25 Horse Collar
19:59 Forging
19:49 Scale Mail Armor
19:54 Gold Mining
23:33 Heavy Plow
23:47 Bow Saw
25:35 Long Swordsman
26:16 Squires
30:31 Iron Casting
30:11 Chain Mail Armor
36:57 Wheelbarrow
40:17 Fletching
40:27 Padded Archer Armor
40:57 Pikeman
49:26 Fortified Wall
49:27 Masonry
49:13 Murder Holes
48:44 Crossbowman
50:19 Hand Cart
Darkbrighto
0:58 Loom
6:51 Feudal Age
8:35 Double-Bit Axe
16:06 Castle Age
15:31 Horse Collar
17:42 Heavy Plow
17:10 Light Cavalry
21:47 Bloodlines
21:38 Husbandry
23:08 Wheelbarrow
22:19 Town Watch
23:12 Bow Saw
24:19 Fervor
24:36 Forging
24:26 Scale Mail Armor
29:05 Hand Cart
28:50 Town Patrol
33:44 Imperial Age
33:05 Iron Casting
32:36 Scale Barding Armor
34:32 Treadmill Crane
35:04 Fortified Wall
35:58 Crop Rotation
36:27 Cavalier
36:51 Winged Hussar
38:26 Chain Barding Armor
39:26 Blast Furnace
39:29 Conscription
40:26 Lechitic Legacy
51:58 Ballistics
52:39 Chemistry
51:47 Siege Engineers
51:38 Murder Holes
51:53 Masonry
51:32 Arrowslits
55:21 Fletching
64:00 Bombard Tower
64:04 Gold Mining
64:05 Stone Mining
Connection lost

Rejoining the realm…

Still unreachable

The connection could not be restored.

Session expired

The server has moved on; the page needs a fresh start.